 Dungeon Crawl Stone Soup version 0.18-a0-946-g3ac5b32 (webtiles) character file.

947 4thArraOfDagon the Ruffian (level 8, -10/66 HPs)
             Began as a Ghoul Necromancer on Dec 29, 2015.
             Was a Follower of Okawaru.
             Mangled by an orc warrior
             ... wielding a +0 trident
              (14 damage)
             ... on level 6 of the Dungeon.
             The game lasted 00:18:30 (2976 turns).

4thArraOfDagon the Ruffian (Ghoul Necromancer)      Turns: 2976, Time: 00:18:30

Health: -10/66     AC:  3    Str: 12    XL:     8   Next: 13%
Magic:  8/10       EV:  7    Int: 10    God:    Okawaru [*.....]
Gold:   249        SH:  0    Dex: 11    Spells: 4 memorised, 3 levels left

rFire  + . .     SeeInvis .       - Unarmed
rCold  + + .     Gourm    .     v - +1 robe {rF+}
rNeg   + + +     Faith    .     (no shield)
rPois  ∞         Spirit   .     (no helmet)
rElec  .         Dismiss  .     (no cloak)
rCorr  .         Reflect  .     (no gloves)
SustAt .         Harm     .     (no boots)
MR     +....                    (no amulet)
Stlth  ++........               d - ring of protection from magic
                                j - ring of protection from cold

@: rotting, somewhat resistant to hostile enchantments, unstealthy
A: rotting body, claws 1, carnivore 3, cold resistance 1, negative energy
resistance 3, slow regeneration 1, torment resistance, unbreathing
a: Heroism, Renounce Religion


You were on level 6 of the Dungeon.
You worshipped Okawaru.
Okawaru was aware of your devotion.
You were hungry.

You visited 1 branch of the dungeon, and saw 9 of its levels.

You collected 249 gold pieces.

Inventory:

Missiles
 p - 7 javelins of returning (quivered)
 t - 2 curare-tipped needles
Armour
 v - a +1 robe of fire resistance (worn)
Jewellery
 d - a ring of protection from magic (right claw)
 j - a ring of protection from cold (left claw)
Scrolls
 a - a scroll of amnesia {unknown}
 e - a scroll of fear {unknown}
 h - a scroll of fog {unknown}
 k - 3 scrolls of identify
 m - 3 scrolls of remove curse
Potions
 f - a potion of might {unknown}
 g - a potion of haste {unknown}
 i - a potion of poison {unknown}
 n - a potion of curing
 o - 2 potions of magic {unknown}
 s - a potion of heal wounds {unknown}
Books
 b - a book of Necromancy

   Spells                             Type                      Level
   a - Pain                           Necromancy                   1
   b - Animate Skeleton               Necromancy                   1
   c - Vampiric Draining              Necromancy                   3
   d - Regeneration                   Charms/Necromancy            3
   e - Animate Dead                   Necromancy                   4
   f - Control Undead                 Necromancy                   4
Comestibles
 c - 4 meat rations
 l - a slice of pizza
 r - 2 beef jerkies


   Skills:
 + Level 3.7 Fighting
 + Level 2.1 Armour
 + Level 2.5 Dodging
 - Level 2.1 Stealth
 * Level 6.7 Unarmed Combat
 - Level 2.0 Spellcasting
 * Level 0.5 Charms
 * Level 5.1 Necromancy
 + Level 2.0 Invocations


You had 3 spell levels left.
You knew the following spells:

 Your Spells              Type           Power        Failure   Level  Hunger
a - Pain                  Necr           ##..         4%          1    ##.....
b - Regeneration          Chrm/Necr      #.........   34%         3    ####...
c - Vampiric Draining     Necr           ##........   12%         3    ####...
d - Animate Skeleton      Necr           N/A          4%          1    ##.....


Dungeon Overview and Level Annotations

Branches:
Dungeon (9/15)
 Temple: D:4-7         Lair: D:8-11         Orc: D:9-12

Altars:
Okawaru
Qazlal
Sif Muna
Xom
The Shining One

Annotations:
D:7 exclusion: killer bee


Innate Abilities, Weirdness & Mutations

Your body is rotting away.
You thrive on raw meat.
You are immune to poison.
You have sharp fingernails.
You are carnivorous and can eat meat at any time.
Your flesh is cold resistant.
You are immune to negative energy.
You regenerate slowly when monsters are visible.
You are immune to unholy pain and torment.
You can survive without breathing.


Message History

* * * LOW HITPOINT WARNING * * *
Found 8 gold pieces.
Unknown command.
Unknown command. 4 orcs and 3 orc wizards come into view.
Found an escape hatch in the floor.
There is an open door here.
Unknown command.
An orc and a skeleton come into view.
The orc wizard shouts! x2
The orc moves out of view.
The hound skeleton bites you but does no damage.
Unknown command.
Unknown command.
The hound skeleton misses you.
There is an escape hatch in the floor here.
Unknown command.
The hound skeleton bites you but does no damage.
The orc warrior hits you from afar with a trident!
You die...

...o............
####o###.......# #.#
#.......# #.# #........
###'###......#
#....##.?....# #
#............# .#####
......o(......####......
....+#.o.....##.@..#
.... #...o...##.Z.$#
.... #.....####.o..#
.... ##.##.####o...# .##
...##.o..'....+
.##########.o..# ..
...o.# . o....# ......#


You could see an orc warrior, 2 orc wizards, 2 orcs and a hound skeleton.

Vanquished Creatures
  An ogre (D:8)
  A necrophage (D:7)
  2 big kobolds
  A gnoll sergeant (D:8)
  2 giant frogs
  A wight (D:7)
  2 crimson imps
  2 orc wizards (D:4)
  An iguana (D:4)
  4 worker ants
  A hound skeleton (D:7)
  3 gnolls
  7 adders
  An ooze (D:4)
  2 giant geckos
  14 orcs
  A ball python (D:1)
  4 bats
  2 giant cockroaches
  3 hobgoblins
  3 jackals (D:2)
  7 kobolds
  A ball python skeleton (D:4)
  A giant newt (D:3)
  3 goblins
  A quokka skeleton (D:4)
  3 rats
74 creatures vanquished.

Notes
Turn   | Place    | Note
--------------------------------------------------------------
     0 | D:1      | 4thArraOfDagon the Ghoul Necromancer began the quest for the Orb.
     0 | D:1      | Reached XP level 1. HP: 14/14 MP: 2/2
   124 | D:1      | Reached skill level 1 in Unarmed Combat
   243 | D:2      | Reached XP level 2. HP: 10/20 MP: 0/3
   324 | D:2      | Found an iron altar of Okawaru.
   330 | D:2      | Found a glowing golden altar of the Shining One.
   330 | D:2      | Found a deep blue altar of Sif Muna.
   339 | D:2      | Became a worshipper of Warmaster Okawaru
   424 | D:2      | Reached XP level 3. HP: 15/27 MP: 0/4
   837 | D:3      | Learned a level 3 spell: Regeneration
   845 | D:3      | Reached XP level 4. HP: 34/34 MP: 3/5
   924 | D:3      | Reached skill level 1 in Fighting
  1008 | D:3      | WTF
  1110 | D:3      | Reached XP level 5. HP: 30/40 MP: 1/6
  1131 | D:3      | Turgon: Pain is very strong in early game
  1382 | D:4      | Reached skill level 5 in Unarmed Combat
  1444 | D:5      | Entered Level 5 of the Dungeon
  1455 | D:4      | 4thArraOfDagon: hi
  1455 | D:4      | Turgon: hi
  1455 | D:4      | 4thArraOfDagon: yea especially strong for gh and mu
  1494 | D:4      | Turgon: I didn't know that they don't lose HP when casting it
  1494 | D:4      | 4thArraOfDagon: btw i thought ghouls have necromancy boost like mummies
  1519 | D:4      | 4thArraOfDagon: apparently there is no boost QQ
  1526 | D:4      | Reached XP level 6. HP: 29/50 MP: 0/7
  1565 | D:4      | Turgon: What is necro boost for mummies? Same as the staff?
  1614 | D:4      | 4thArraOfDagon: yes
  1614 | D:4      | 4thArraOfDagon: and at lvl12 it doubles
  1621 | D:4      | Turgon: oh
  1791 | D:4      | You fall through a shaft for 2 floors!
  1819 | D:6      | smite city ONLINE
  1872 | D:7      | Reached skill level 6 in Unarmed Combat
  1892 | D:7      | Learned a level 3 spell: Vampiric Draining
  1894 | D:7      | Learned a level 1 spell: Animate Skeleton
  1902 | D:7      | Found a stormy altar of Qazlal.
  1941 | D:7      | Reached * piety under Okawaru
  1941 | D:7      | Reached XP level 7. HP: 52/57 MP: 8/8
  1959 | D:7      | Noticed a hippogriff
  1981 | D:7      | Found a shimmering altar of Xom.
  1982 | D:7      | Found a shimmering altar of Xom.
  1983 | D:7      | Found a shimmering altar of Xom.
  1984 | D:7      | Found a shimmering altar of Xom.
  1986 | D:7      | Found a shimmering altar of Xom.
  2071 | D:7      | Reached skill level 1 in Armour
  2077 | D:7      | Reached skill level 1 in Invocations
  2440 | D:8      | Noticed a hippogriff
  2459 | D:8      | Reached skill level 5 in Necromancy
  2459 | D:8      | Reached XP level 8. HP: 28/64 MP: 4/10
  2845 | D:7      | HP: 2/63 [wight/enchanted battleaxe (13)]
  2846 | D:7      | rly
  2900 | D:6      | st0uf: HARD COMBO
  2963 | D:6      | HP: 3/66 [orc warrior/trident (6)]
  2970 | D:6      | HP: 3/66 [hound skeleton (1)]
  2976 | D:6      | Mangled by an orc warrior

Vault maps used:
D:1:      dpeg_arrival_three_same_balls, serial_co_window_serial,
          co_window_corner_a, co_window_paths_a, co_window_of_opportunity_a,
          co_window_paths_b, co_window_of_opportunity_a,
          co_window_of_opportunity_a, co_window_paths_b, co_window_broadway_c,
          co_window_cross_2, co_window_corner_b, co_window_broadway_b,
          co_window_4corner_a, glass_columns_a, glass_columns_c,
          minmay_misc_feat_pillars
D:2:      grunt_temple_overflow_open, st_stairs_5
D:3:      grunt_ministairs_11, kennysheep_generic_room_16
D:4:      minmay_misc_feat_tower, hangedman_abyss_or_decor_slice
D:5:      minmay_temple_entry_butterflies, first_bread, minmay_misc_feat_rows
D:6:      nicolae_ashenzari_panopticon, uniq_edmund
D:7:      grunt_qazlal_clouds, lemuel_mausoleum_altar_kikubaaqudgha,
          xom_redecorated
D:9:      nicolae_overflow_hidden_temple

Action                   |  1- 3 |  4- 6 |  7- 9 || total
-------------------------+-------+-------+-------++-------
Melee: Unarmed           |    61 |   123 |    90 ||   274
Throw: Javelin           |       |       |     5 ||     5
 Cast: Pain              |    40 |    52 |     8 ||   100
       Regeneration      |       |       |    14 ||    14
Invok: Heroism           |       |       |     3 ||     3
  Use: Scroll            |       |       |     1 ||     1
       Potion            |       |       |     1 ||     1
 Stab: Sleeping          |     1 |       |       ||     1
  Eat: Chunk             |    12 |    16 |    10 ||    38
